AoeStats
← valentindumitrasko

Northern Isles

510871126Analyzed
1v1 RM · 13h ago on Oct 2, 2026· 61m 41s· 2 players
Game mode
Random Map
Map size
Tiny (2 player)
Population
200
Speed
Normal
Resources
Standard
Victory
Conquest
Starting age
Dark Age
Ending age
Imperial Age
RankedLock teamsTeams togetherTeam positionsShared explorationLock speedFull tech treeHidden civsTurbo modeCheats
Victory
Defeat
🇲🇩 Varangians · Moldova
521
+16
🇺🇸 Vikings · United States
515
-16
briandwjohnson
2:32 Loom
13:13 Feudal Age
13:46 Horse Collar
13:56 Double-Bit Axe
15:59 Man-at-Arms
16:25 Arson
17:51 Town Watch
18:10 Scale Mail Armor
18:21 Forging
23:37 Stone Mining
23:37 Gold Mining
26:31 Castle Age
26:35 Fletching
26:46 Padded Archer Armor
27:20 Heavy Plow
27:34 Bow Saw
28:21 Long Swordsman
32:12 Iron Casting
31:53 Chain Mail Armor
33:48 Town Patrol
36:31 Gold Shaft Mining
38:56 Medium Warships
42:59 Chieftains
51:19 Imperial Age
52:46 Hoardings
54:09 Murder Holes
54:06 Guard Tower
56:56 Siphons
56:37 Arrowslits
56:28 Elite Longship
57:03 Elite Berserk
57:44 Bogsveigar
60:52 Heavy Warships
62:43 Chemistry
valentindumitrasko
14:14 Feudal Age
15:07 Fishing Lines
15:29 Double-Bit Axe
15:27 Horse Collar
17:56 Loom
18:48 Wheelbarrow
20:40 Castle Age
20:12 Gold Mining
20:12 Stone Mining
21:10 Town Watch
23:58 Squires
23:44 Gambesons
23:45 Arson
25:16 Bow Saw
25:45 Stone Shaft Mining
25:05 Gillnets
26:54 Medium Warships
28:24 Scale Mail Armor
31:04 Heavy Plow
36:20 Forging
36:26 Chain Mail Armor
38:36 Hand Cart
38:54 Clinker Construction
38:55 Careening
38:28 Treadmill Crane
39:09 Ballistics
39:02 Siphons
40:27 Iron Casting
39:59 Scale Barding Armor
41:17 Town Patrol
41:29 Murder Holes
41:46 Masonry
47:04 Imperial Age
46:57 Heated Shot
47:03 Guard Tower
48:10 Conscription
47:12 Gothikon
47:14 Vendel Legacy
47:15 Elite Jarl
47:23 Elite Varangian Guard
49:03 Heavy Warships
51:39 Chemistry
50:45 Siege Engineers
51:11 Architecture
51:03 Dry Dock
51:04 Carvel Hull
52:10 Two-Man Saw
52:08 Chain Barding Armor
53:58 Elite Longship
58:55 Blast Furnace
62:13 Plate Mail Armor
62:20 Plate Barding Armor
Connection lost

Rejoining the realm…

Still unreachable

The connection could not be restored.

Session expired

The server has moved on; the page needs a fresh start.